 Dungeon Crawl Stone Soup version 0.21.1-1-g345015f (webtiles) character file.

830 shakethe the Chopper (level 7, -8/56 HPs)
             Began as a Demonspawn Gladiator on Feb 25, 2018.
             Mangled by Menkaure (12 damage)
             ... on level 5 of the Dungeon.
             The game lasted 00:08:02 (4936 turns).

shakethe the Chopper (Demonspawn Gladiator)         Turns: 4936, Time: 00:08:02

Health: -8/56      AC:  3    Str: 19    XL:     7   Next: 65%
Magic:  7/7        EV: 13    Int: 11    God:
Gold:   288        SH:  0    Dex: 15    Spells: 6/6 levels left

rFire    + . .     SeeInvis .   a - +0 war axe
rCold    x . .     Gourm    .   (no shield)
rNeg     . . .     Faith    .   b - +0 leather armour
rPois    .         Spirit   .   c - +0 helmet
rElec    .         Reflect  .   (no cloak)
rCorr    .         Harm     .   v - +2 pair of gloves
MR       .....                  (no boots)
Stlth    +.........             (no amulet)
HPRegen  0.18/turn              q - ring of fire {rF+, rC-}
MPRegen  0.10/turn              (no ring)

@: mighty, corroded
A: talons 1, powered by pain 2
a: no special abilities


You were on level 5 of the Dungeon.
You were not hungry.

You visited 1 branch of the dungeon, and saw 5 of its levels.

You collected 288 gold pieces.

Inventory:

Hand Weapons
 a - a +0 war axe (weapon)
Missiles
 d - 4 throwing nets {=f, !d}
 j - 225 stones (quivered)
Armour
 b - a +0 leather armour (worn)
 c - a +0 helmet (worn)
 v - a +2 pair of gloves (worn)
   (You found it on level 4 of the Dungeon)
 B - a +0 pair of boots
   (You found it on level 4 of the Dungeon)
Jewellery
 q - a ring of fire (left hand) {rF+, rC-}
   (You found it on level 2 of the Dungeon)
 A - an uncursed amulet of regeneration {unknown}
   (You took it off an orc on level 5 of the Dungeon)
Wands
 s - a wand of flame (28)
   (You took it off Blork the orc on level 5 of the Dungeon)
 z - a wand of scattershot (3)
   (You found it on level 4 of the Dungeon)
Scrolls
 e - 2 scrolls of random uselessness {unknown}
 i - a scroll of magic mapping {unknown}
 k - 2 scrolls of enchant weapon {unknown}
 m - 5 scrolls of teleportation
 o - a scroll of immolation {unknown}
 p - 2 scrolls of identify
 t - 5 scrolls of noise {unknown}
 u - a scroll of fog {unknown}
Potions
 g - 4 potions of heal wounds {unknown}
 h - a potion of curing
 l - 2 potions of brilliance {unknown}
 n - a potion of agility {unknown}
 r - a potion of haste {unknown}
 x - 2 potions of cancellation {unknown}
Books
 w - a book of Changes
   (You found it on level 4 of the Dungeon)
 y - a book of Conjurations
   (You found it on level 4 of the Dungeon)
Comestibles
 f - 11 rations


   Skills:
 + Level 5.2 Fighting
 * Level 6.9 Axes
 - Level 1.7 Throwing
 - Level 2.9 Dodging


You had 6 spell levels left.
You didn't know any spells.

Dungeon Overview and Level Annotations

Branches:
Dungeon (5/15)
 Temple: D:4-7

Altars:
Zin

Shops:
D:4 *

Annotations:
D:5 Menkaure


Innate Abilities, Weirdness & Mutations

You have sharp toenails.
You sometimes gain power by taking damage.


Message History

Menkaure, Prince of Dust comes into view.
You take 3 damage, and have 46/56 hp.
The orc throws a tomahawk.
The tomahawk hits you but does no damage.
You see here a tomahawk.
The orc priest looks encouraged for a moment.
The orc priest barely misses you.
You closely miss the orc priest. Your kick misses the orc priest.
The orc priest hits you but does no damage.
You slash the orc priest! You claw the orc priest.
The orc throws a tomahawk.
The tomahawk hits you.
The orc priest looks encouraged for a moment.
The orc closely misses you.
You see here a tomahawk.
You barely miss the orc.
Menkaure shouts!
You claw the orc. You hit the orc priest.
You kill the orc priest!
The orc closely misses you.
Menkaure calls on the powers of darkness!
The orc convulses! x2
Your body is wracked with pain!
You focus on the pain.
You feel agile all of a sudden.
You take 22 damage, and have 24/56 hp.
MASSIVE DAMAGE!!
You see here a tomahawk.
The orc throws a tomahawk.
The tomahawk barely misses you.
The orc throws a tomahawk.
The tomahawk hits you but does no damage.
You see here a tomahawk.
You see here a tomahawk.
You see here an orc corpse.
The orc misses you.
You hit the orc.
You kill the orc!
You slash the orc!
You kill the orc!
You see here an orc corpse.
You feel a little less agile now.
You start resting.
A worm comes into view.
There is a stone staircase leading up here.
You regained 5 hp, and now have 37/56 hp.
A worm is nearby!
You hit the worm. You claw the worm. You hit the worm.
You kill the worm!
No target in view!
No target in view!
There is a stone staircase leading up here.
You start resting.
You are feeling hungry.
You regained 17 hp, and now have 55/56 hp.
Health restored: 56 You see here a worm corpse.
You butcher the worm corpse.
C - a chunk of flesh {@w0@w0} Eating a chunk of flesh {@w0@w0}.
You eat the chunk of flesh {@w0@w0}.
Okay, then.
Things that are here:
a whip; a chain mail; an orc skeleton
Things that are here:
a flail; a leather armour You see here a tomahawk.
You see here a tomahawk.
Found a stone staircase leading up.
A jelly comes into view.
Menkaure shouts!
The jelly quivers.
You hear an angry hiss.
A ball python comes into view.
Menkaure misses you.
You hit Menkaure. You claw Menkaure, but do no damage.
Menkaure hits you but does no damage.
You hit Menkaure but do no damage. Your kick misses Menkaure.
You hit the jelly.
Your hands burn!
The jelly misses you. Menkaure casts a spell at you.
Pain shoots through your body!
You take 15 damage, and have 41/56 hp.
MASSIVE DAMAGE!!
Okay, then.
You closely miss Menkaure. You claw Menkaure, but do no damage.
You slash the ball python!
You kill the ball python!
You hit the jelly.
Your hands burn!
The jelly closely misses you. Menkaure hits you!!
You take 20 damage, and have 21/56 hp.
MASSIVE DAMAGE!!
You hit Menkaure but do no damage. Your kick misses Menkaure.
You hit the jelly. The acid corrodes you!
Your hands burn!
* * * LOW HITPOINT WARNING * * *
The jelly hits you.
* * * LOW HITPOINT WARNING * * *
You are splashed with acid!
The acid burns!
* * * LOW HITPOINT WARNING * * *
You focus on the pain.
You feel very mighty all of a sudden. Menkaure hits you!
You die...

##.#.#.).#≈≈#
.#.#.#...#≈≈# .#...#
......###≈..≈###.... .
.#.#...............# .
##.######.#####....#.#
...# ##.#####....#<###
.### #...............#
.#######.#######M.......
.##.........# #@..#
.##.#....##.####J†.####
(((.....................
)##.#.#####.####.#.#####
.##.#.# #.# #.#.#
.##)#.#####.# #.#.#
............. ..) #
.##.#.#####># #.#
.##.#.# #.# ..#


You could see Menkaure and a jelly.

Vanquished Creatures
  A sky beast (D:5)
  A phantom (D:4)
  An ogre (D:4)
  The ghost of Autsider the Shooter, an amateur CeAM (D:4)
  Blork the orc (D:5)
  A water moccasin skeleton (D:4)
  2 crimson imps (D:5)
  An orc priest (D:5)
  An orc wizard (D:3)
  An iguana (D:4)
  A worker ant (D:4)
  4 gnolls (D:4)
  5 adders
  A shadow imp (D:5)
  An adder zombie (D:5)
  2 worms
  A dart slug (D:1)
  A leopard gecko (D:3)
  13 orcs
  4 bats
  5 giant cockroaches
  2 goblins
  3 hobgoblins
  12 jackals
  9 kobolds
  A quokka (D:3)
  2 ball pythons
  5 frilled lizards
  2 leopard gecko skeletons (D:4)
  6 rats
91 creatures vanquished.

Notes
Turn   | Place    | Note
-------+----------+-------------------------------------------
     0 | D:1      | shakethe the Demonspawn Gladiator began the quest for the Orb.
     0 | D:1      | Reached XP level 1. HP: 16/16 MP: 1/1
   146 | D:1      | Reached skill level 3 in Axes
   157 | D:1      | Gained mutation: You have sharp toenails. [demonic ancestry]
   157 | D:1      | Reached XP level 2. HP: 20/22 MP: 2/2
   681 | D:2      | Gained mutation: You sometimes gain a little power by taking damage. [demonic ancestry]
   681 | D:2      | Reached XP level 3. HP: 28/28 MP: 3/3
  1296 | D:3      | Gained mutation: You sometimes gain power by taking damage. [demonic ancestry]
  1296 | D:3      | Reached XP level 4. HP: 23/34 MP: 4/4
  1446 | D:3      | Reached skill level 4 in Axes
  1446 | D:3      | Reached skill level 3 in Fighting
  1447 | D:3      | HP: 8/35 [leopard gecko (4)]
  1448 | D:3      | HP: 3/35 [leopard gecko (1)]
  2198 | D:4      | HP: 7/35 [iguana (10)]
  2200 | D:4      | HP: 1/35 [iguana (6)]
  2546 | D:4      | Found Zin's Purification Station.
  2551 | D:4      | Found a glowing silver altar of Zin.
  2561 | D:4      | Noticed Autsider's ghost (amateur CeAM)
  2606 | D:4      | HP: 7/35 [Autsider's ghost (3)]
  2608 | D:5      | Entered Level 5 of the Dungeon
  2618 | D:5      | HP: 5/35 [crimson imp (4)]
  2627 | D:5      | Noticed Blork the orc
  2643 | D:5      | Killed Blork the orc
  2643 | D:5      | Reached XP level 5. HP: 33/41 MP: 5/5
  2652 | D:5      | Reached skill level 5 in Axes
  2958 | D:4      | HP: 5/42 [Autsider's ghost (10)]
  3684 | D:4      | Killed Autsider's ghost
  3684 | D:4      | Reached skill level 4 in Fighting
  3684 | D:4      | Reached XP level 6. HP: 33/48 MP: 6/6
  3765 | D:4      | HP: 11/48 [gnoll/spear (6)]
  3785 | D:4      | HP: 10/48 [gnoll/spear (4)]
  4120 | D:4      | Reached skill level 6 in Axes
  4120 | D:4      | Reached XP level 7. HP: 38/55 MP: 7/7
  4638 | D:5      | Reached skill level 5 in Fighting
  4714 | D:5      | Noticed Menkaure
  4936 | D:5      | HP: 4/56 [acid (11)]
  4936 | D:5      | Mangled by Menkaure

Skill      XL: |  1  2  3  4  5  6  7 |
---------------+----------------------+-----
Axes           | 3 4 5 6 |  6.9
Fighting       | 3 4 5 |  5.2
Throwing       | |  1.7
Dodging        | |  2.9

Action                   |  1- 3 |  4- 6 |  7- 9 || total
-------------------------+-------+-------+-------++-------
Melee: War axe           |    76 |   151 |    70 ||   297
       Kick              |    13 |    40 |    17 ||    70
Throw: Stone             |     2 |       |       ||     2
Evoke: Wand              |       |     2 |       ||     2
  Use: Scroll            |     4 |     1 |       ||     5
       Potion            |       |     4 |       ||     4
 Stab: Sleeping          |     1 |     1 |       ||     2
  Eat: Chunk             |     1 |     6 |     3 ||    10
       Ration            |       |     1 |       ||     1
Armor: Leather armour    |    24 |    28 |    22 ||    74
       Skin              |       |    33 |       ||    33
Dodge: Dodged            |    67 |   102 |    42 ||   211

Vault maps used:
D:1:      minmay_arrival_diagonal_passages
D:3:      first_ration, kennysheep_decorative_pillar, minivault_19
D:4:      zin_purify, minmay_joined_circles
D:5:      fountainhead, uniq_menkaure, uniq_sigmund, uniq_blork_the_orc

Table legend:
 A = Turns spent in this place as a percentage of turns spent in the entire game.
 B = Non-inter-level travel turns spent in this place as a percentage of non-inter-level travel turns spent in the entire game.
 C = Inter-level travel turns spent in this place as a percentage of turns spent in this place.
 D = Turns resting spent in this place as a percentage of non-inter-level travel turns spent in this place.
 E = Turns spent auto-exploring this place as a percentage of non-inter-level travel turns spent in this place.
 F = Non-inter-level travel turns spent in this place divided by the number of levels of this place that you've seen.
                   A       B       C       D       E      F
               +-------+-------+-------+-------+-------+----------------------
         Total | 100.0 | 100.0 |   1.8 |  42.0 |  40.0 | 969.0
       Dungeon | 100.0 | 100.0 |   1.8 |  42.0 |  40.0 | 969.0
               +-------+-------+-------+-------+-------+----------------------

Table legend:
 A = Kills in this place as a percentage of kills in entire the game.
 B = Kills by you in this place as a percentage of kills by you in the entire game.
 C = Kills by friends in this place as a percentage of kills by friends in the entire game.
 D = Other kills in this place as a percentage of other kills in the entire game.
 E = Experience gained in this place as a percentage of experience gained in the entire game.
 F = Experience gained in this place divided by the number of levels of this place that you have seen.
                   A       B       C       D       E      F
               +-------+-------+-------+-------+-------+----------------------
         Total | 100.0 | 100.0 |   N/A |   N/A | 100.0 | 237.2
       Dungeon | 100.0 | 100.0 |   N/A |   N/A | 100.0 | 237.2
               +-------+-------+-------+-------+-------+----------------------
